 Dungeon Crawl Stone Soup version 0.22.1-2-g9c5b331 (webtiles) character file.

23 Gearfox the Conjurer (level 2, -1/22 HPs)
             Began as a Draconian Conjurer on Dec 11, 2018.
             Slain by a sky beast (6 damage)
             ... on level 2 of the Dungeon.
             The game lasted 00:05:49 (1932 turns).

Gearfox the Conjurer (Draconian Conjurer)           Turns: 1932, Time: 00:05:50

Health: -1/22      AC:  6    Str: 10    XL:     2   Next: 75%
Magic:  4/5        EV: 12    Int: 15    God:
Gold:   84         SH:  0    Dex: 11    Spells: 2/5 levels left

rFire    . . .     SeeInvis .   d - +0 dagger
rCold    + . .     Gourm    .   (no shield)
rNeg     . . .     Faith    .   (armour unavailable)
rPois    .         Spirit   .   (helmet restricted)
rElec    .         Reflect  .   (no cloak)
rCorr    .         Harm     .   (no gloves)
MR       .....                  k - +1 pair of boots {Stlth+}
Stlth    +++.......             (no amulet)
HPRegen  0.07/turn              e - ring of protection from cold
MPRegen  0.09/turn              (no ring)

@: no status effects
A: unfitting armour, cold-blooded, AC +4
a: no special abilities


You were on level 2 of the Dungeon.
You were not hungry.

You visited 1 branch of the dungeon, and saw 3 of its levels.

You collected 84 gold pieces.

Inventory:

Hand Weapons
 d - a +0 dagger (weapon)
Missiles
 c - 27 sling bullets
 i - 51 stones (quivered)
Armour
 k - a +1 pair of boots of stealth (worn)
Jewellery
 e - a ring of protection from cold (left hand)
 h - an uncursed ring of flight
Scrolls
 f - a scroll of enchant weapon
Potions
 a - a potion of curing
 j - a potion of magic
 l - a potion of heal wounds {unknown}
Comestibles
 b - a ration


   Skills:
 * Level 0.6 Fighting
 - Level 1.7 Dodging
 - Level 1.7 Stealth
 * Level 2.3 Spellcasting
 + Level 4.5 Conjurations


You had 2 spell levels left.
You knew the following spells:

 Your Spells              Type           Power        Failure   Level  Hunger
a - Magic Dart            Conj           ###.         3%          1    #......
b - Searing Ray           Conj           ###...       4%          2    ###....

Your spell library contained the following spells:

 Spells                   Type           Power        Failure   Level  Hunger
 Dazzling Spray           Conj/Hex       #.....       26%         3    ###....
 Iskenderun's Mystic Bla  Conj           ###.....     32%         4    #####..
 Force Lance              Conj/Tloc      #.......     63%         4    #####..
 Fulminant Prism          Conj/Hex       #.........   63%         4    #####..


Dungeon Overview and Level Annotations

Branches:
Dungeon (3/15)

Altars:


Innate Abilities, Weirdness & Mutations

Your plain brown scales are hard. (AC +4)
You cannot fit into any form of body armour.
You are cold-blooded and may be slowed by cold attacks.


Message History

Casting: Magic Dart (safe; 3% risk of failure)
Confirm with . or Enter, or press ? or * to list all spells.
You can't see any susceptible monsters within range! (Use Z to cast anyway.)
Casting: Magic Dart (safe; 3% risk of failure)
Confirm with . or Enter, or press ? or * to list all spells.
You don't know that spell.
Casting: Magic Dart (safe; 3% risk of failure)
Confirm with . or Enter, or press ? or * to list all spells.
You can't see any susceptible monsters within range! (Use Z to cast anyway.)
Casting: Magic Dart (safe; 3% risk of failure)
Confirm with . or Enter, or press ? or * to list all spells.
You don't know that spell.
Unknown command.
You barely miss something. Something hits you. Something shocks you.
* * * LOW HITPOINT WARNING * * *
You miss something. Something hits you but does no damage.
You hit something. Something hits you.
* * * LOW HITPOINT WARNING * * *
Something shocks you.
You die...

......#......#.#
......#.##.###.###
...(............>#
#######.##...#.#.#
#.####.#.#.# ###
#.#.#.# #.#.#.#
#.#.#.#
#######.#.#@#
#.......#.#.#
#.#######.#.#
######'## #.#.#
........# #.#.#
........# #.#.#
........#
#.#.######
........#
#........#
........#
###.####.#


There were no monsters in sight!

Vanquished Creatures
  An ooze (D:1)
  2 leopard geckos (D:1)
  A goblin (D:1)
  4 hobgoblins
  2 bats
  2 frilled lizards (D:1)
  5 rats (D:1)
17 creatures vanquished.

Notes
Turn   | Place    | Note
-------+----------+-------------------------------------------
     0 | D:1      | Gearfox the Draconian Conjurer began the quest for the Orb.
     0 | D:1      | Reached XP level 1. HP: 14/14 MP: 3/3
   684 | D:1      | Reached XP level 2. HP: 19/22 MP: 0/5
   744 | D:1      | Learned a level 2 spell: Searing Ray
  1737 | D:2      | Noticed a sky beast
  1932 | D:2      | Slain by a sky beast

Action                   || total
-------------------------++-------
Melee: Unarmed           ||     9
       Tailslap          ||     2
       Dagger            ||     5
Throw: Stone             ||     1
 Cast: Magic Dart        ||    47
  Use: Scroll            ||     8
  Eat: Ration            ||     1
       Chunk             ||     1
Armor: Skin              ||    16
Dodge: Dodged            ||    30
